 Dungeon Crawl Stone Soup version 0.20.1-1-g8b1a95d (webtiles) character file.

135 equalderp2856 the Skirmisher (level 4, -1/41 HPs)
             Began as a Minotaur Fighter on Oct 1, 2017.
             Killed by divine providence
             ... invoked by an orc priest
              (15 damage)
             ... on level 3 of the Dungeon.
             The game lasted 00:02:25 (2191 turns).

equalderp2856 the Skirmisher (Minotaur Fighter)     Turns: 2191, Time: 00:02:25

Health: -1/41      AC:  7    Str: 20    XL:     4   Next: 96%
Magic:  3/3        EV:  7    Int:  5    God:
Gold:   134        SH:  9    Dex: 11    Spells: 0/3 levels left

rFire    . . .     SeeInvis .   a - +0 war axe
rCold    . . .     Gourm    .   c - +0 shield
rNeg     . . .     Faith    .   b - +0 scale mail
rPois    .         Spirit   .   (helmet restricted)
rElec    .         Reflect  .   (no cloak)
rCorr    .         Harm     .   (no gloves)
MR       .....                  (no boots)
Stlth    ..........             (no amulet)
Regen    0.2/turn               (no ring)
MPRegen  0.1/turn               (no ring)

@: no status effects
A: retaliatory headbutt, horns 2
a: no special abilities


You were on level 3 of the Dungeon.
You were not hungry.

You visited 1 branch of the dungeon, and saw 3 of its levels.

You collected 134 gold pieces.

Inventory:

Hand Weapons
 a - a +0 war axe (weapon)
Armour
 b - a +0 scale mail (worn)
 c - a +0 shield (worn)
Scrolls
 e - a scroll of enchant armour {unknown}
 g - a scroll of recharging {unknown}
 h - 3 scrolls of immolation {unknown}
 j - a scroll of identify {unknown}
 k - 4 scrolls of remove curse {unknown}
 l - a scroll of amnesia {unknown}
 m - 2 scrolls of teleportation {unknown}
 o - a scroll of magic mapping {unknown}
Potions
 d - a potion of might
 n - a potion of mutation {unknown}
 r - a potion of heal wounds {unknown}
Books
 p - a book of Necromancy

   Spells                             Type                      Level
   a - Pain                           Necromancy                   1
   b - Animate Skeleton               Necromancy                   1
   c - Vampiric Draining              Necromancy                   3
   d - Regeneration                   Charms/Necromancy            3
   e - Animate Dead                   Necromancy                   4
   f - Control Undead                 Necromancy                   4
Comestibles
 f - 7 bread rations
 q - a royal jelly


   Skills:
 + Level 4.8 Fighting
 + Level 4.0 Axes
 + Level 4.5 Armour
 + Level 0.9 Dodging
 + Level 4.0 Shields


You couldn't memorise any spells.
You knew the following spells:

 Your Spells              Type           Power        Failure   Level  Hunger
a - Regeneration          Chrm/Necr      #.........   100%        3    ####...


Dungeon Overview and Level Annotations

Branches:
Dungeon (3/15)

Altars:
Dithmenos
Elyvilon
Trog
Uskayaw
Yredelemnul


Innate Abilities, Weirdness & Mutations

You reflexively headbutt those who attack you in melee.
You have a pair of horns on your head.


Message History

You slash the dart slug!
The dart slug is almost dead.
You hit the orc priest. You closely miss the orc warrior.
You block the orc priest's attack. The orc warrior hits you with a flail!!
* * * LOW HITPOINT WARNING * * *
The dart slug launches a dart at you. The slug dart hits you!
You are too injured to fight recklessly!
It was a potion of curing.
You feel better. The orc priest barely misses you. You furiously retaliate!
You headbutt the orc priest. You block the orc warrior's attack.
The dart slug launches a dart at you. The slug dart hits you!
* * * LOW HITPOINT WARNING * * *
The orc priest looks encouraged for a moment.
Unknown command.
You feel better.
The orc priest invokes the aid of Beogh against you.
Beogh smites you!
You die...

#.......##.# P.P......
............ ._.......
#........# P.P......
#.......## ........
#.......# #.|.#### #
#####..## ##..# ####.##
#...# ####...# .......
..###.#.###......###.......
#...†...........@o.ow......
#####)†#......######.......
##..##.#..## .<.....
##..)##.#..## ####.##
#..#.##.##..# .#
##(##.##.#...# .
#..##....#.#.##
##.######)..#..# #..##
#...##.###


You could see an orc warrior, an orc priest and a dart slug.

Vanquished Creatures
  7 adders
  An ooze (D:3)
  2 worms (D:2)
  A dart slug (D:2)
  2 orcs
  5 giant cockroaches
  6 goblins
  9 hobgoblins
  3 jackals (D:3)
  10 kobolds
  2 bats (D:1)
  5 frilled lizards
  4 rats
57 creatures vanquished.

Notes
Turn   | Place    | Note
-------+----------+-------------------------------------------
     0 | D:1      | equalderp2856 the Minotaur Fighter began the quest for the Orb.
     0 | D:1      | Reached XP level 1. HP: 19/19 MP: 0/0
   431 | D:1      | Reached XP level 2. HP: 27/27 MP: 1/1
   822 | D:2      | Reached XP level 3. HP: 22/33 MP: 2/2
  1184 | D:2      | Reached XP level 4. HP: 33/41 MP: 3/3
  1420 | D:2      | Found a shadowy altar of Dithmenos.
  1431 | D:2      | Found a white marble altar of Elyvilon.
  1435 | D:2      | Found a hide-covered altar of Uskayaw.
  1677 | D:3      | Noticed an orc warrior
  2046 | D:3      | Learned a level 3 spell: Regeneration
  2111 | D:3      | Found a bloodstained altar of Trog.
  2179 | D:3      | Found a basalt altar of Yredelemnul.
  2191 | D:3      | Killed from afar by an orc priest

Skill      XL: |  1  2  3  4 |
---------------+-------------+-----
Armour         | 4 |  4.5
Fighting       | 4 |  4.8
Axes           | 3 4 |  4.0
Shields        | 4 |  4.0
Dodging        | |  0.9

Action                   |  1- 3 |  4- 6 || total
-------------------------+-------+-------++-------
Melee: War axe           |    71 |    64 ||   135
       Headbutt          |    11 |     8 ||    19
  Use: Potion            |       |     2 ||     2
  Eat: Chunk             |       |     4 ||     4
Armor: Scale mail        |    47 |    28 ||    75
Dodge: Dodged            |    19 |    17 ||    36
Block: Shield            |    36 |    43 ||    79
